AoeStats
← eyupfc

Black Forest

505730818Analyzed
1v1 RM · 22d ago on Sep 10, 2026· 54m 49s· 2 players
Game mode
Random Map
Map size
Tiny (2 player)
Population
200
Speed
Normal
Resources
Standard
Victory
Conquest
Starting age
Dark Age
Ending age
Imperial Age
RankedLock teamsTeams togetherTeam positionsShared explorationLock speedFull tech treeHidden civsTurbo modeCheats
Victory
Defeat
🇹🇷 Koreans · Türkiye
1226
+16
🇹🇷 Maya · Türkiye
1226
-16
BerCioSilver
0:27 Loom
13:38 Feudal Age
18:15 Castle Age
16:17 Double-Bit Axe
16:49 Horse Collar
19:31 Bow Saw
19:29 Heavy Plow
24:41 Wheelbarrow
23:55 Town Watch
27:30 Gold Mining
30:50 Imperial Age
28:35 Forging
28:26 Scale Mail Armor
28:49 Stone Mining
30:21 Iron Casting
31:03 Chain Mail Armor
30:43 Eagle Warrior
31:24 Squires
31:10 Arson
33:07 Blast Furnace
32:38 Plate Mail Armor
33:11 Two-Man Saw
32:19 Elite Eagle Warrior
34:38 Holcans
34:51 Fortified Wall
34:57 Masonry
37:54 Conscription
37:16 Capped Ram
38:07 Siege Ram
46:16 Hul'che Javelineers
eyupfc
1:01 Loom
13:42 Feudal Age
17:36 Castle Age
15:56 Horse Collar
16:06 Double-Bit Axe
18:58 Bow Saw
19:25 Wheelbarrow
20:20 Heavy Plow
25:41 Gold Mining
29:49 Imperial Age
28:29 Gold Shaft Mining
27:45 Stone Mining
28:25 Fletching
28:37 Scale Mail Armor
29:19 Squires
29:56 Bodkin Arrow
30:12 Forging
30:14 Arson
32:13 Chemistry
31:34 Ballistics
31:22 Heavy Rocket Cart
32:35 Gambesons
33:07 Chain Mail Armor
33:36 Stone Shaft Mining
35:00 Plate Mail Armor
35:05 Iron Casting
36:16 Man-at-Arms
37:00 Long Swordsman
38:33 Two-Handed Swordsman
41:08 Champion
45:25 Arrowslits
46:09 Hand Cart
45:39 Town Watch
46:40 Eupseong
48:22 Bracer
48:20 Murder Holes
48:06 Treadmill Crane
54:52 Conscription
Connection lost

Rejoining the realm…

Still unreachable

The connection could not be restored.

Session expired

The server has moved on; the page needs a fresh start.